Map: King Sejong Station LE

Players

IIIIIIIIIII

  • Race: Zerg Zerg
  • League: Diamond

blackxored - Winner!

  • Race: Zerg Zerg
  • League: Platinum

VOD

Have the link to the VOD?

Description

Time

  • Played on: June 30, 2016, 5:50 a.m.
  • Length: 16:01
Show
View Real Time Build Order
Export as new Build Order

IIIIIIIIIII Zerg 

Build Orders: Hatch First 

Get SALT Encoding   

  12  0:01  Drone  
  13  0:17  Overlord  
  13  0:26  Drone  
  14  0:29  Extractor  
  14  0:30  Extractor, Drone x2  
  16  0:40  Drone  
  17  0:56  Hatchery  
  16  1:01  Drone  
  17  1:04  Extractor  
  17  1:05  Drone  
  17  1:19  Spawning Pool  
  17  1:23  Drone  
  17  1:26  Drone  
  18  1:35  Drone  
  19  1:45  Overlord  
  19  2:07  Queen  
  19  2:08  Queen  
  23  2:12  Extractor  
  23  2:13  Drone x2  
  24  2:18  Drone  
  25  2:25  Drone  
  25  2:26  Drone  
  25  2:28  Drone  
  28  2:32  Drone  
  29  2:38  Drone  
  29  2:43  Spore Crawler  
  29  2:51  Roach Warren  
  29  2:52  Drone  
  29  2:53  Drone  
  29  2:57  Drone  
  31  3:05  Spine Crawler  
  30  3:13  Drone x2  
  30  3:14  Drone x2  
  30  3:19  Evolution Chamber  
  33  3:31  Roach  
  33  3:32  Overlord  
  33  3:33  Overlord  
  35  3:45  Zerg Missile Weapons Level 1  
  35  3:52  Lair  
  35  3:53  Roach x2  
  35  3:55  Roach  
  41  3:59  Roach  
  43  4:03  Roach  
  43  4:06  Roach  
  43  4:09  Overlord  
  47  4:20  Evolution Chamber  
  47  4:21  Drone x2  
  47  4:22  Drone x2  
  50  4:27  Overlord  
  50  4:46  Drone, Zerg Ground Armor Level 1  
  50  4:47  Drone x5  
  50  4:49  Drone  
  57  4:53  Glial Reconstitution  
  57  4:59  Pneumatized Carapace  
  57  5:01  Overlord  
  57  5:27  Roach  
  57  5:28  Roach x8  
  75  5:30  Overlord  
  75  5:34  Hydralisk Den  
  74  5:38  Drone x2  
  74  5:41  Extractor  
  75  5:43  Overlord  
  75  5:47  Extractor  
  74  5:53  Zerg Missile Weapons Level 2  
  74  5:57  Drone x3  
  74  5:58  Drone x3  
  74  6:04  Hydralisk  
  82  6:27  Hatchery  
  82  6:32  Hydralisk x4  
  81  6:33  Hydralisk  
  91  6:45  Overlord x2  
  91  6:49  Overlord x4  
  91  7:05  Overlord x3  
  91  7:16  Muscular Augments  
  91  7:22  Zerg Ground Armor Level 2  
  91  7:27  Spore Crawler  
  90  7:31  Spore Crawler  
  90  7:32  Spore Crawler x2  
  90  7:34  Spore Crawler  
  90  7:35  Overlord x2  
  86  7:37  Hydralisk  
  86  7:43  Queen  
  90  7:51  Drone x4  
  90  7:53  Drone  
  95  8:07  Roach x3  
  95  8:08  Roach  
  95  8:24  Hydralisk x4  
  95  8:25  Hydralisk  
  87  8:37  Hydralisk x3  
  87  8:39  Overlord  
  87  8:51  Burrow  
  79  8:57  Hydralisk  
  79  8:58  Hydralisk x2  
  79  8:59  Hydralisk  
  79  9:00  Hydralisk  
  83  9:04  Hydralisk  
  83  9:09  Roach x2  
  89  9:14  Hydralisk  
  89  9:17  Hydralisk  
  91  9:18  Roach  
  91  9:22  Roach  
  97  9:26  Roach x2  
  97  9:28  Ravager x2  
  97  9:29  Ravager  
  100  9:43  Queen  
  99  9:49  Drone  
  99  9:50  Drone x7  
  107  9:59  Roach x2  
  111  10:05  Hydralisk x2  
  115  10:08  Ravager x2  
  115  10:09  Ravager  
  118  10:14  Roach  
  118  10:17  Roach  
  118  10:19  Roach  
  124  10:41  Infestation Pit  
  123  10:45  Overlord x6  
  123  11:06  Extractor  
  123  11:07  Extractor  
  121  11:11  Hatchery  
  121  11:16  Hydralisk x3, Roach x5  
  136  11:20  Roach  
  136  11:24  Pathogen Glands  
  138  11:31  Hive  
  130  11:47  Roach x2  
  130  11:48  Roach x4  
  130  11:50  Roach  
  130  11:52  Roach  
  146  11:54  Infestor  
  146  11:58  Infestor  
  127  12:33  Queen  
  129  12:45  Infestor x2  
  129  12:46  Drone  
  129  12:47  Drone x5  
  130  13:01  Hatchery  
  123  13:09  Zerg Missile Weapons Level 3  
  123  13:14  Zerg Ground Armor Level 3  
  108  13:31  Roach x2  
  108  13:32  Roach  
  108  13:33  Ravager x3  
  117  13:34  Roach  
  71  14:10  Infestor  
  71  14:15  Roach x6  
  71  14:16  Roach x4  
  70  14:34  Roach x2  
  60  15:10  Roach x5  
  60  15:11  Roach x7  
  81  15:15  Ravager x2  
  81  15:16  Ravager  
Show
View Real Time Build Order
Export as new Build Order

blackxored Zerg - Winner!

Build Orders: Hatch First 

Get SALT Encoding   

  12  0:01  Drone  
  13  0:08  Drone  
  14  0:17  Overlord  
  14  0:22  Extractor  
  14  0:23  Drone  
  15  0:36  Drone  
  15  0:37  Drone  
  17  0:53  Hatchery  
  17  0:56  Drone  
  17  0:59  Drone  
  18  1:11  Extractor  
  17  1:14  Spawning Pool  
  17  1:17  Drone  
  17  1:20  Drone  
  18  1:27  Drone  
  19  1:40  Overlord  
  19  1:49  Drone  
  20  2:01  Zergling x2  
  20  2:02  Queen  
  20  2:04  Queen  
  20  2:05  Zergling x2  
  26  2:09  Spine Crawler  
  26  2:10  Zergling x2  
  26  2:21  Zergling x4  
  29  2:29  Metabolic Boost  
  29  2:35  Drone x2  
  31  2:41  Baneling Nest  
  30  2:52  Hatchery  
  30  2:56  Overlord  
  29  3:05  Zergling x4  
  31  3:06  Zergling x2  
  31  3:11  Overlord  
  32  3:21  Lair  
  32  3:24  Drone  
  33  3:27  Drone  
  33  3:30  Drone  
  33  3:33  Drone  
  36  3:39  Drone x2  
  38  3:43  Drone  
  38  3:45  Drone  
  40  3:49  Drone  
  40  3:51  Drone  
  42  3:58  Baneling x3  
  42  3:59  Baneling  
  41  4:10  Drone x5  
  41  4:11  Drone  
  47  4:17  Drone  
  47  4:18  Extractor  
  47  4:19  Drone  
  47  4:20  Drone x2  
  47  4:24  Extractor  
  49  4:26  Extractor  
  49  4:30  Drone  
  49  4:31  Drone  
  49  4:34  Overlord  
  50  4:43  Overseer  
  51  4:52  Drone  
  51  4:53  Drone x5  
  51  4:58  Drone  
  57  5:00  Spire  
  57  5:03  Overlord  
  56  5:12  Queen  
  58  5:26  Drone x6  
  64  5:28  Overlord x3  
  64  5:51  Extractor x2  
  62  5:57  Drone x5  
  62  5:58  Drone x2  
  62  6:00  Drone  
  62  6:02  Drone x7  
  77  6:07  Roach Warren, Drone  
  77  6:11  Drone x2, Evolution Chamber  
  77  6:12  Drone  
  77  6:13  Evolution Chamber, Mutalisk  
  77  6:14  Mutalisk  
  82  6:21  Mutalisk x2  
  85  6:30  Mutalisk x2  
  85  6:31  Overlord  
  89  6:40  Zerg Missile Weapons Level 1, Zerg Ground Armor Level 1  
  89  6:47  Glial Reconstitution  
  89  6:49  Overlord x3  
  89  7:00  Queen  
  91  7:08  Hatchery  
  90  7:13  Roach x3  
  90  7:14  Roach x5  
  90  7:15  Overlord  
  106  7:18  Overlord  
  106  7:24  Overlord  
  106  7:25  Overlord  
  106  7:32  Drone, Spine Crawler  
  106  7:33  Drone, Spine Crawler  
  106  7:34  Drone  
  107  7:40  Roach x2  
  111  7:44  Roach  
  111  7:50  Roach x2  
  117  7:56  Ravager x8  
  117  7:57  Roach x3  
  131  8:01  Baneling  
  131  8:02  Baneling x5  
  124  8:23  Roach x11  
  123  8:31  Mutalisk x5  
  122  8:40  Roach  
  122  8:41  Roach x3  
  123  8:46  Roach x2  
  127  8:51  Hatchery  
  124  8:59  Zerg Missile Weapons Level 2  
  124  9:00  Zerg Ground Armor Level 2  
  124  9:16  Overlord x2  
  124  9:17  Overlord  
  124  9:21  Overlord  
  124  9:23  Overlord  
  124  9:24  Overlord  
  124  9:39  Roach x4  
  124  9:40  Roach x5  
  124  9:43  Roach  
  138  9:53  Roach x4  
  146  10:00  Overseer  
  146  10:03  Roach x2  
  146  10:04  Roach x2  
  154  10:10  Drone x3  
  157  10:17  Ravager x7  
  157  10:18  Ravager x5  
  169  10:22  Roach x2  
  169  10:28  Drone x3  
  176  10:36  Overlord x2  
  176  10:53  Overlord x3  
  176  11:00  Roach  
  176  11:01  Roach x7  
  192  11:16  Drone x6  
  198  11:22  Overlord  
  198  11:23  Roach  
  200  11:36  Hatchery  
  185  11:50  Roach x7  
  183  12:16  Roach  
  183  12:17  Roach x7  
  188  12:45  Roach x6  
  151  13:06  Roach x8  
  151  13:07  Roach x16  
  199  13:13  Ravager  
  199  13:16  Overlord  
  191  13:28  Overseer  
  189  13:46  Roach x5  
  164  14:03  Roach x12  
  164  14:04  Roach x7  
  164  14:07  Overseer x3  
  167  14:17  Roach x9  
  172  14:31  Roach x5  
  178  14:37  Roach  
  178  14:38  Roach x6  
  194  14:42  Infestation Pit  
  193  14:46  Drone  
  193  14:47  Drone  
  193  15:00  Extractor  
  193  15:03  Extractor  
  185  15:09  Roach x5  
  185  15:10  Roach x2  
  185  15:12  Overseer  
  199  15:17  Extractor  
  199  15:18  Extractor  
  197  15:36  Ravager x3  
  198  15:46  Ravager x6  
  198  15:47  Ravager x4  
  194  15:52  Hatchery  
  194  15:53  Extractor  
  194  15:56  Extractor  
Tags
 
Add a new tag
Caveats
  • Supply blocks, unpowered buildings, or Contaminate may cause inaccurate times.
  • Supply counts are checked every 10 seconds.